 Dungeon Crawl Stone Soup version 0.18-a0-1497-g788d838 (webtiles) character file.

564 Goblin1989 the Chopper (level 7, -9/50 HPs)
             Began as a Demonspawn Gladiator on Mar 4, 2016.
             Was an Initiate of Okawaru.
             Killed from afar by an orc wizard (11 damage)
             ... with a puff of flame
             ... on level 5 of the Dungeon.
             The game lasted 00:07:42 (4149 turns).

Goblin1989 the Chopper (Demonspawn Gladiator)       Turns: 4149, Time: 00:07:42

Health: -9/50      AC:  8    Str: 17    XL:     7   Next: 10%
Magic:  7/7        EV: 11    Int:  9    God:    Okawaru [......]
Gold:   179        SH:  0    Dex: 14    Spells: 0 memorised, 6 levels left

rFire  . . .     SeeInvis +     a - +0 war axe
rCold  . . .     Gourm    .     p - +0 ring mail
rNeg   + . .     Faith    .     (no shield)
rPois  .         Spirit   .     c - +0 helmet
rElec  .         Dismiss  .     (no cloak)
rCorr  .         Reflect  .     (no gloves)
SustAt .         Harm     .     (no boots)
MR     .....                    (no amulet)
Stlth  +.........               B - ring of see invisible
                                w - ring of positive energy

@: not resistant to hostile enchantments, very unstealthy
A: yellow scales 1, demonic guardian 1, powered by pain 1
a: Renounce Religion


You were on level 5 of the Dungeon.
You worshipped Okawaru.
Okawaru was noncommittal.
You were not hungry.

You visited 2 branches of the dungeon, and saw 6 of its levels.

You collected 179 gold pieces.

Inventory:

Hand Weapons
 a - a +0 war axe (weapon)
Missiles
 d - 4 throwing nets
 g - 7 poisoned javelins (quivered)
Armour
 c - a +0 helmet (worn)
 o - a +0 chain mail
 p - a +0 ring mail (worn)
Jewellery
 w - a ring of positive energy (left hand)
 B - a ring of see invisible (right hand)
Wands
 x - a wand of flame (24/48)
 y - a wand of teleportation (2/9)
Scrolls
 e - 3 scrolls of enchant armour {unknown}
 h - 4 scrolls of remove curse {unknown}
 i - a scroll of blinking {unknown}
 j - 2 scrolls of fear {unknown}
 k - a scroll of amnesia {unknown}
 m - 3 scrolls of magic mapping {unknown}
 n - a scroll of enchant weapon {unknown}
 s - 2 scrolls of teleportation {unknown}
 t - 2 scrolls of identify {unknown}
 u - a scroll of fog {unknown}
Potions
 l - 5 potions of curing
 A - a potion of might
Comestibles
 b - a royal jelly
 f - 2 bread rations
 q - 4 fruits
 r - a meat ration
 v - a slice of pizza
 z - a beef jerky
 C - a chunk of flesh


   Skills:
 - Level 2.0 Fighting
 * Level 7.5 Axes
 - Level 1.7 Throwing
 - Level 2.6 Dodging


You had 6 spell levels left.
You didn't know any spells.

Dungeon Overview and Level Annotations

Branches:
Dungeon (5/15)             Temple (1/1) D:4

Altars:
Okawaru
Vehumet


Innate Abilities, Weirdness & Mutations

You are partially covered in yellow scales (AC +2).
A weak demonic guardian rushes to your aid.
You sometimes gain a little power by taking damage.


Message History

You bump into the stone wall.
The orc wizard misses you.
You hit the orc wizard but do no damage.
The orc wizard barely misses you.
The orc wizard hits you but does no damage.
You're too confused to move!
You feel less confused. The orc wizard barely misses you.
You slash the orc wizard!
The orc wizard is severely wounded.
The orc wizard hits you but does no damage.
You barely miss the orc wizard.
The orc wizard is severely wounded.
The orc wizard hits you with a dagger.
* * * LOW HITPOINT WARNING * * *
Unknown command.
You hit the orc wizard.
The orc wizard is almost dead.
The orc wizard points at you and mumbles some strange words.
The puff of flame hits you!
You die...

..........(........
...................
≈≈≈...≈≈.....≈≈≈≈..
≈≈≈≈≈≈≈≈≈.....≈≈≈≈≈
≈≈≈≈≈≈≈≈≈.(..≈≈≈≈≈≈
≈≈≈≈≈≈≈≈≈)(..≈≈≈≈≈≈
##########')#######
#.).$# #...@#
#...o# #.....5
+......' #......#.
##....#### #....#
#....#


You could see an orc wizard (invisible) and a friendly ufetubus.

Vanquished Creatures
  Sigmund (D:3)
  2 scorpions (D:4)
  A hound (D:3)
  A giant frog skeleton (D:4)
  Ijyb (D:3)
  An iguana (D:4)
  3 worker ants
  3 adders
  A shadow imp (D:5)
  3 oozes
  An adder skeleton (D:4)
  2 worms
  A dart slug (D:2)
  5 giant geckos
  6 orcs
  20 goblins
  14 hobgoblins
  6 jackals
  3 kobolds
  A quokka (D:4)
  11 bats
  A giant gecko skeleton (D:4)
  A jackal skeleton (D:4)
  6 rats
95 creatures vanquished.

Vanquished Creatures (collateral kills)
  2 orc priests
  A giant gecko (D:4)
3 creatures vanquished.

Vanquished Creatures (others)
  A worker ant (D:4)
  A giant gecko skeleton (D:4)
2 creatures vanquished.

Grand Total: 100 creatures vanquished

Notes
Turn   | Place    | Note
--------------------------------------------------------------
     0 | D:1      | Goblin1989 the Demonspawn Gladiator began the quest for the Orb.
     0 | D:1      | Reached XP level 1. HP: 16/16 MP: 1/1
   174 | D:1      | Reached skill level 3 in Axes
   202 | D:1      | Gained mutation: A weak demonic guardian rushes to your aid. [demonic ancestry]
   202 | D:1      | Reached XP level 2. HP: 13/22 MP: 2/2
   233 | D:1      | HP: 1/22 [giant gecko (3)]
   652 | D:1      | Reached XP level 3. HP: 11/27 MP: 3/3
   952 | D:1      | Reached skill level 4 in Axes
  1650 | D:2      | Gained mutation: You are partially covered in yellow scales (AC +2). [demonic ancestry]
  1650 | D:2      | Reached XP level 4. HP: 26/33 MP: 4/4
  2073 | D:3      | Noticed Ijyb
  2103 | D:3      | Noticed Sigmund
  2114 | D:3      | Killed Sigmund
  2114 | D:3      | Reached skill level 5 in Axes
  2114 | D:3      | Gained mutation: You sometimes gain a little power by taking damage. [demonic ancestry]
  2114 | D:3      | Reached XP level 5. HP: 38/38 MP: 5/5
  2184 | D:3      | Found a faded altar to an unknown god.
  2309 | D:3      | Killed Ijyb
  2309 | D:3      | Reached skill level 6 in Axes
  2399 | D:3      | Reached XP level 6. HP: 37/44 MP: 6/6
  2957 | D:4      | Reached skill level 7 in Axes
  3367 | D:4      | Found a staircase to the Ecumenical Temple.
  3376 | Temple   | Entered the Ecumenical Temple
  3382 | Temple   | Became a worshipper of Warmaster Okawaru
  3841 | D:5      | Entered Level 5 of the Dungeon
  4084 | D:5      | Reached XP level 7. HP: 46/50 MP: 7/7
  4135 | D:5      | HP: 2/50 [orc priest/divine providence (13)]
  4148 | D:5      | HP: 2/50 [orc wizard/dagger (2)]
  4149 | D:5      | Killed from afar by an orc wizard

Vault maps used:
D:1:      eino_arrival_cavern_c
D:2:      first_bread, corexii_leaking_fountain
D:3:      ecumenical_altar_1, serial_bayou_lagoon_a, uniq_sigmund, uniq_iyjb
D:4:      lemuel_temple_firewalk
D:5:      minmay_goblin_kobold_castle
Temple:   water_room_temple_a_12

Skill      XL: |  1  2  3  4  5  6 |
---------------+-------------------+-----
Axes           | 3 4 5 6 7 |  7.5
Fighting       | |  2.0
Throwing       | |  1.7
Dodging        | |  2.6

Action                   |  1- 3 |  4- 6 |  7- 9 || total
-------------------------+-------+-------+-------++-------
Melee: War axe           |   142 |   155 |    24 ||   321
  Use: Potion            |       |     3 |       ||     3
  Eat: Chunk             |     2 |     5 |     2 ||     9
       Royal jelly       |       |     1 |       ||     1
